 Dungeon Crawl Stone Soup version 0.25-a0-589-g1e14c549ee (webtiles) character file.

Game seed: 7148891608628815570, levelgen mode: deterministic

315 Esekla the Ducker (level 6, -5/29 HPs)
             Began as a Spriggan Artificer on Mar 10, 2020.
             Slain by an iguana (14 damage)
             ... on level 5 of the Dungeon.
             The game lasted 00:17:07 (3739 turns).

Esekla the Ducker (Spriggan Artificer)              Turns: 3739, Time: 00:17:08

Health: -5/29      AC:  5    Str:  8    XL:     6   Next: 20%
Magic:  10/10      EV: 22    Int: 14    God:
Gold:   192        SH:  0    Dex: 17    Spells: 5/5 levels left

rFire    . . .     SeeInvis +   a - +0 short sword
rCold    . . .     Gourm    .   (shield restricted)
rNeg     + . .     Faith    .   b - +0 robe
rPois    .         Spirit   .   (helmet restricted)
rElec    .         Reflect  .   y - +2 cloak
rCorr    .         Harm     .   (gloves unavailable)
MR       +....     Rnd*Tele +   (boots unavailable)
Stlth    +++.......             (no amulet)
HPRegen  0.09/turn              t - ring of teleportation (curse)
MPRegen  0.12/turn              A - ring of positive energy

@: very quick
A: very small, unfitting armour, see invisible, herbivore, speed 3, slow
metabolism 2
a: no special abilities


You were on level 5 of the Dungeon.
You were not hungry.

You visited 1 branch of the dungeon, and saw 5 of its levels.

You collected 192 gold pieces.

Inventory:

Hand Weapons
 a - a +0 short sword (weapon)
Missiles
 x - 5 atropa-tipped darts (quivered)
 C - 2 boomerangs
Armour
 b - a +0 robe (worn)
 n - a +0 leather armour
 q - a scarf of spirit shield
 u - a +0 leather armour
 y - a +2 cloak (worn)
 F - a +0 leather armour
 G - a +0 leather armour
Jewellery
 t - a cursed ring of teleportation (left hand)
 v - a +5 ring of dexterity
 A - a ring of positive energy (right hand)
Wands
 c - a wand of flame (14)
 d - a wand of enslavement (15)
 e - a wand of random effects (14)
Scrolls
 j - a scroll of random uselessness {unknown}
 o - 3 scrolls of magic mapping {unknown}
 p - a scroll of immolation {unknown}
 r - 3 scrolls of teleportation {unknown}
 w - 2 scrolls of remove curse {unknown}
 B - a scroll of blinking {unknown}
 D - 2 scrolls of enchant armour {unknown}
 H - a scroll of amnesia {unknown}
Potions
 g - a potion of mutation
 h - 3 potions of lignification
 i - a potion of berserk rage
 k - 3 potions of brilliance
 l - a potion of flight
 m - a potion of degeneration {unknown}
 s - a potion of curing
 z - a potion of ambrosia
 E - 2 potions of might {unknown}
 I - a potion of heal wounds {unknown}
Comestibles
 f - 3 rations


   Skills:
 - Level 0.7 Fighting
 * Level 4.9 Short Blades
 * Level 6.3 Dodging
 + Level 3.3 Stealth
 - Level 4.0 Evocations


You had 5 spell levels left.
You didn't know any spells.
Your spell library contained the following spells:

 Spells                   Type           Power        Failure   Level  Hunger
 Sandblast                Erth           #.....       28%         1    ##.....
 Passwall                 Tmut/Erth      #.......     41%         2    ###....
 Stone Arrow              Conj/Erth      #.....       65%         3    ####...
 Petrify                  Tmut/Erth      #.......     96%         4    #####..
 Lee's Rapid Deconstruct  Erth           #.........   100%        5    ######.


Dungeon Overview and Level Annotations

Branches:
Dungeon (5/15)
 Temple: D:4-7

Altars:
Dithmenos
Kikubaaqudgha
Nemelex Xobeh
Ru
Uskayaw
Vehumet
Wu Jian
Zin
The Shining One


Innate Abilities, Weirdness & Mutations

You are very small and have problems with some larger weapons.
You are too small for most types of armour.
You have supernaturally acute eyesight. (SInv)
You are a herbivore.
You cover ground extremely quickly.
You need to consume almost no food.


Message History

The iguana is moderately wounded.
The iguana misses you.
You hit the iguana but do no damage.
The iguana is moderately wounded.
The iguana closely misses you.
You hit the iguana.
The iguana is moderately wounded.
The iguana bites you.
You hit the iguana.
The iguana is heavily wounded.
You barely miss the iguana.
The iguana is heavily wounded.
The iguana closely misses you.
You barely miss the iguana.
The iguana is moderately wounded.
The iguana completely misses you.
You closely miss the iguana.
The iguana is moderately wounded.
The iguana bites you!
You die...

.#(##.#..#######...##
.........## ##..#
........#######..#
..###.....#........#
............######.#
#.###..............#
#....Z##########
#.#.#l# #.#.#@#
..#.#.# ## #.#.#
#.#.# #.#.# #.# #.#
#.#


You could see an iguana and a hound skeleton.

Vanquished Creatures
  2 orc wizards (D:4)
  Crazy Yiuf (D:3)
  Natasha (twice) (D:4)
  2 worker ants
  A howler monkey skeleton (D:4)
  4 adders
  A worm (D:3)
  4 dart slugs
  3 leopard geckos
  5 orcs
  3 ball pythons (D:1)
  5 bats
  7 giant cockroaches
  8 goblins
  8 hobgoblins
  3 kobolds
  4 quokkas (D:2)
  A frilled lizard (D:3)
  10 rats
  2 butterflies (D:2)
76 creatures vanquished.

Notes
Turn   | Place    | Note
-------+----------+-------------------------------------------
     0 | D:1      | Esekla the Spriggan Artificer began the quest for the Orb.
     0 | D:1      | Reached XP level 1. HP: 9/9 MP: 4/4
   175 | D:1      | Reached XP level 2. HP: 12/14 MP: 6/6
   252 | D:1      | Reached skill level 4 in Dodging
   816 | D:2      | Found an ornate altar of the Wu Jian Council.
   816 | D:2      | Found a radiant altar of Vehumet.
   816 | D:2      | Found a glowing silver altar of Zin.
   840 | D:2      | Found a sparkling altar of Nemelex Xobeh.
   941 | D:2      | Reached XP level 3. HP: 17/17 MP: 7/7
  1210 | D:2      | Found a glowing golden altar of the Shining One.
  1618 | D:2      | Reached skill level 5 in Dodging
  1644 | D:2      | Found an ancient bone altar of Kikubaaqudgha.
  1831 | D:2      | Reached XP level 4. HP: 13/21 MP: 0/8
  2064 | D:3      | Found a shadowy altar of Dithmenos.
  2253 | D:3      | Found a runed translucent door.
  2254 | D:3      | Noticed Crazy Yiuf
  2333 | D:3      | Killed Crazy Yiuf
  2487 | D:3      | Found a hide-covered altar of Uskayaw.
  2738 | D:4      | Reached XP level 5. HP: 25/25 MP: 9/9
  3011 | D:4      | Found a sacrificial altar of Ru.
  3359 | D:4      | Reached skill level 6 in Dodging
  3407 | D:4      | Noticed Natasha
  3410 | D:4      | Killed Natasha
  3436 | D:4      | Reached XP level 6. HP: 28/29 MP: 10/10
  3478 | D:4      | Noticed Natasha
  3498 | D:4      | Killed Natasha
  3626 | D:5      | Entered Level 5 of the Dungeon
  3739 | D:5      | Slain by an iguana

Levels and vault maps discovered:
D:1:      minmay_arrival_jagged, layout_basic
D:2:      layout_basic, nemelex_altar_shiori,
          chequers_temple_overflow_statue_of_worship,
          nicolae_tso_swordbearing_angel, old_standard_altar, serial_glass,
          glass_columns_a, glass_columns_a, glass_columns_c, glass_columns_b,
          glass_columns_b, glass_columns_c, minmay_strange_pillars,
          due_unseen_surprise, hangedman_glass_garden
D:3:      layout_rooms, nicolae_overflow_crystal_walls, lemuel_crystal_altar,
          serial_rivers, chequers_serial_rivers_small_b,
          chequers_serial_rivers_small_b, chequers_serial_rivers_small_a,
          chequers_serial_rivers_room_b, uniq_crazy_yiuf_cottage
D:4:      layout_loops_ring, grunt_ministairs_11,
          nicolae_ru_sacrificial_ziggurat, uniq_natasha
D:5:      layout_loops_ring, first_ration

Skill      XL: |  1  2  3  4  5 |
---------------+----------------+-----
Dodging        | 4 5 6 |  6.3
Short Blades   | 2 3 4 |  4.9
Stealth        | 2 3 |  3.3
Fighting       | |  0.7
Evocations     | |  4.0

Action                   |  1- 3 |  4- 6 || total
-------------------------+-------+-------++-------
Melee: Short sword       |   178 |   201 ||   379
Evoke: Wand              |       |     2 ||     2
  Use: Scroll            |     3 |     4 ||     7
       Potion            |     1 |       ||     1
 Stab: Sleeping          |    10 |     5 ||    15
  Eat: Ration            |       |     1 ||     1
Armor: Robe              |    15 |    17 ||    32
Dodge: Dodged            |   157 |   142 ||   299

Table legend:
 A = Non-vault XP
 B = Vault XP
 C = Vault XP percentage of total XP
 D = Non-vault monster count
 E = Vault monster count
 F = Vault count percentage of total count
                 A         B        C        D         E       F
            +---------+---------+-------+---------+---------+-------
      Total |     347 |     104 |  23.1 |      70 |       4 |   5.4
            +---------+---------+-------+---------+---------+-------
        D:1 |      35 |       0 |   0.0 |      19 |       0 |   0.0
        D:2 |      64 |       0 |   0.0 |      21 |       0 |   0.0
        D:3 |      52 |      41 |  44.1 |      21 |       1 |   4.5
        D:4 |     163 |      63 |  27.9 |       8 |       3 |  27.3
        D:5 |      33 |       0 |   0.0 |       1 |       0 |   0.0
            +---------+---------+-------+---------+---------+-------
